 Dungeon Crawl Stone Soup version 0.30-a0-757-ga6a79fd877 (webtiles) character file.

Game seed: 9696513032138140008

4 Esekla the Sneak (level 1, -4/16 HPs)
             Began as an Octopode Delver on Feb 9, 2023.
             Killed from afar by an orc wizard (8 damage)
             ... with a magic dart
             ... on level 5 of the Dungeon.
             The game lasted 00:00:46 (47 turns).

Esekla the Sneak (Octopode Delver)                    Turns: 47, Time: 00:00:47

Health: -4/16      AC:  1    Str: 11    XL:     1   Next: 60%
Magic:  1/1        EV: 13    Int: 12    God:
Gold:   0          SH:  0    Dex: 13    Spells: 0/0 levels left

rFire   . . .      SeeInvis .    a - +0 falchion
rCold   . . .      Faith    .    (no shield)
rNeg    . . .      Spirit   .    (helmet restricted)
rPois   .          Reflect  .    (no amulet)
rElec   .          Harm     .    (no ring)
rCorr   .          Rampage  .    (no ring)
Will    .....                    (no ring)
Stlth   ++++                     (no ring)
HPRegen 0.22/turn                (no ring)
MPRegen 0.07/turn                (no ring)
                                 (no ring)
                                 (no ring)

@: no status effects
A: almost no armour, amphibious, 8 rings, camouflage 1, gelatinous body 1,
(nimble swimmer 1), tentacles
a: no special abilities


You were on level 5 of the Dungeon.
You visited 1 branch of the dungeon, and saw 1 of its levels.

Inventory:

Hand Weapons
 a - a +0 falchion (weapon)
Wands
 f - a wand of digging (3)
 g - a wand of light (7)
Scrolls
 b - a scroll of fog
 c - a scroll of amnesia {unknown}
 d - a scroll of fear
Potions
 e - a potion of haste


   Skills:
 * Level 3.0 Fighting
 * Level 2.0 Long Blades
 * Level 2.0 Dodging
 + Level 6.7 Stealth
 * Level 0.1 Spellcasting


You couldn't memorise any spells.
You didn't know any spells.
Your spell library was empty.

Dungeon Overview and Level Annotations

Branches:
Dungeon (5/15)
 Temple: D:4-7

Altars:


Innate Abilities, Weirdness & Mutations

You cannot wear most types of armour.
You are amphibious.
You can wear up to eight rings at the same time.
Your skin changes colour to match your surroundings (Stealth+).
Your rubbery body absorbs attacks. (AC +1, EV +1)
((You are camouflaged when in or above water. (Stealth+)))
You have tentacles for arms and can constrict up to eight enemies at once.


Message History

c - a scroll labelled YDIHOY RESUPU
Okay, then.
Found 3 scrolls of magic mapping.
A black bear comes into view.
An orc comes into view. It is wielding a +0 morningstar.
An orc comes into view. It is wielding a +0 mace.
The helpless orc fails to defend itself.
You hit the orc. Your grab misses the orc.
The orc is severely wounded.
The orc barely misses you.
You barely miss the orc. Your grab misses the orc.
The orc is severely wounded.
The orc misses you.
You slash the orc!
You kill the orc!
An orc wizard comes into view. It is wielding a +0 dagger.
You see here a +0 club.
Found a ring mail.
The helpless orc fails to defend itself.
You hit the orc. You grab the orc.
The orc is severely wounded.
You constrict the orc. The orc hits you with a +0 mace.
You hit the orc.
You kill the orc!
The orc shouts!
A scorpion comes into view.
You see here a +0 club.
The orc attacks as you move away! The orc hits you with a +0 morningstar!
* * * LOW HITPOINT WARNING * * *
The black bear growls angrily.
You hit the orc. Your grab misses the orc.
The orc is lightly wounded.
The orc barely misses you.
You hit the orc.
You kill the orc!
An ice beast comes into view.
The orc wizard casts a spell at you. The magic dart hits you!
Ouch! That really hurt!
You die...

,,,,,,,,,,,,,,,..,,,,,,,,,,,****
*************,,*[##***###,,,,,,**
* #*,,**.Y###o...,****,,,
**********#..####.o......,,,,,,,,
,,,,,,,,,,......s?)...#**********
,,,,,,,,*##.***#....#,,*
,,,,,,,,,,..#* #)####*,*
,,,,*****,,h.* #)# *,* ,,***
**,*#.*##@# **+** ,** #,,*#.##..#
*,,,* ** #.**#....## **,,,** *
#.####.h#####,_,_,* *
**#...........###8********** *
*...#...........#**,,,,**,,,
****#...#.####### ****,,,,,,
#.....# ****,,, #...>##### *,,,


You could see a black bear, an ice beast, a scorpion and an orc wizard.

Vanquished Creatures
  3 orcs (D:5)
3 creatures vanquished.

Notes
Turn   | Place    | Note
-------+----------+-------------------------------------------
     0 | D:5      | Esekla the Octopode Delver began the quest for the Orb.
     0 | D:5      | Reached XP level 1. HP: 16/16 MP: 1/1
    31 | D:5      | Noticed a black bear
    39 | D:5      | Noticed an orc wizard
    42 | D:5      | Noticed a scorpion
    47 | D:5      | Noticed an ice beast
    47 | D:5      | Killed from afar by an orc wizard

Illustrated notes

Levels and vault maps discovered:
D:5:      layout_rooms, gammafunk_temple_overflow_statue

Action                     || total
---------------------------++-------
  Melee: Falchion          ||     7
         Constrict         ||     1
    Use: Scroll            ||     1
   Stab: Sleeping          ||     2
  Dodge: Dodged            ||     3

Table legend: (Time is in decaauts)
 A = Elapsed time spent in this place.
 B = Non-inter-level travel time spent in this place.
 C = Inter-level travel time spent in this place.
 D = Time resting spent in this place.
 E = Time spent auto-exploring this place.
 F = Levels seen in this place.
 G = Mean time per level.
                   A        B        C        D        E       F      G
               +--------+--------+--------+--------+--------+-----+--------+
         Total |     48 |     48 |      0 |      0 |      0 |   1 |   48.0 |
       Dungeon |     48 |     48 |      0 |      0 |      0 |   1 |   48.0 |
               +--------+--------+--------+--------+--------+-----+--------+

Top non-repeatable levels by time:
     D:5: 48 daAuts
